 Dungeon Crawl Stone Soup version 0.30.0-10-gfe55d96785 (webtiles) character file.

Game seed: 5726395034154812842

7994 monsoonserge the Slicer (level 11, 0/93 HPs)
             Began as a Meteoran Fighter on May 15, 2023.
             Was a Priest of Zin.
             Slain by a boulder beetle (15 damage)
             ... on level 10 of the Dungeon.
             The game lasted 00:41:30 (5407 turns).

monsoonserge the Slicer (Meteoran Fighter)          Turns: 5407, Time: 00:41:30

Health: 0/93       AC: 18    Str: 18    XL:     11   Next: 75%
Magic:  27/27      EV:  6    Int: 16    God:    Zin [***...]
Gold:   313        SH: 12    Dex: 18    Spells: 10/10 levels left

rFire   + . .        q - +5 short sword "Juppox Dil" {freeze, rElec rN+++ Str-5 Int+5}
rCold   + . .        c - +0 buckler
rNeg    + + +        r - +0 plate armour
rPois   ∞            (no helmet)
rElec   +            a - scarf {rC+ rF+}
rCorr   .            (no gloves)
SInv    .            (no boots)
Will    +....        m - amulet of reflection
Stlth   x              - ring of magical power
HPRegen 0.35/turn    F - +4 ring of protection
MPRegen 0.20/turn

%: reflection
@: vitalised, glowing
A: sense surroundings 2, otherworldly, glowing, explore regen
a: Renounce Religion, Recite, Vitalisation, Imprison, Donate Gold


You were on level 10 of the Dungeon.
You worshipped Zin.
Zin was most pleased with you.
You visited 3 branches of the dungeon, and saw 13 of its levels.
You also visited: Ossuary.

You collected 347 gold pieces.
You donated 34 gold pieces to Zin.

Inventory:

Hand Weapons
 q - the +5 short sword "Juppox Dil" (weapon) {freeze, rElec rN+++ Str-5 Int+5}
   (You found it on level 2 of the Dungeon)

   Str:       It affects your strength (-5).
   Int:       It affects your intelligence (+5).
   rElec:     It insulates you from electricity.
   rN:        It renders you almost immune to negative energy.
Missiles
 o - 4 silver javelins
 z - 2 boomerangs
 G - 2 boomerangs of dispersal
 H - 8 poisoned darts
 P - 3 atropa-tipped darts (quivered)
Armour
 a - a scarf of resistance (worn)
 c - a +0 buckler (worn)
 r - a +0 plate armour (worn)
 M - a +0 cloak
Jewellery
 j - an amulet of magic regeneration
 m - an amulet of reflection (around neck)
 x - a ring of magical power (left hand)
 F - a +4 ring of protection (right hand)
 I - a ring of fire
Wands
 u - a wand of quicksilver (7)
 v - a wand of flame (5)
Scrolls
 e - 3 scrolls of immolation {unknown}
 f - 2 scrolls of teleportation {unknown}
 n - a scroll of noise {unknown}
 p - 6 scrolls of identify {unknown}
 t - a scroll of amnesia {unknown}
 y - a scroll of vulnerability {unknown}
 B - 3 scrolls of poison {unknown}
 E - a scroll of torment {unknown}
 J - a scroll of acquirement {unknown}
 N - 2 scrolls of enchant armour {unknown}
 O - a scroll of fog {unknown}
Potions
 b - 2 potions of haste {unknown}
 d - 2 potions of might
 g - 4 potions of magic {unknown}
 h - 3 potions of flight {unknown}
 i - 2 potions of cancellation {unknown}
 k - 8 potions of curing {unknown}
 l - a potion of berserk rage {unknown}
 s - 2 potions of heal wounds {unknown}
 w - 2 potions of brilliance {unknown}
 A - 6 potions of lignification {unknown}
 C - a potion of ambrosia {unknown}
 D - 3 potions of resistance {unknown}
 K - a potion of attraction {unknown}
 L - a potion of invisibility {unknown}


   Skills:
 + Level 7.6 Fighting
 + Level 10.0 Short Blades
 + Level 3.5 Maces & Flails
 + Level 1.3 Throwing
 + Level 9.5 Armour
 + Level 1.3 Dodging
 * Level 3.6 Stealth
 - Level 9.0 Shields
 + Level 8.1 Invocations


You had 10 spell levels left.
You didn't know any spells.
Your spell library contained the following spells:

 Spells                   Type           Power      Damage    Failure   Level
 Apportation              Tloc           0%         N/A       100%        1
 Sandblast                Erth           0%         2d4       100%        1
 Passwall                 Tmut/Erth      0%         N/A       100%        2
 Gell's Gravitas          Tloc           0%         N/A       100%        3
 Spider Form              Tmut/Pois      0%         N/A       100%        3
 Stone Arrow              Conj/Erth      0%         3d7       100%        3
 Teleport Other           Tloc           0%         N/A       100%        3
 Volatile Blastmotes      Fire/Tloc      0%         2d10      100%        3
 Dispersal                Tloc           0%         N/A       100%        6


Dungeon Overview and Level Annotations

Branches:
Dungeon (11/15) Zot: 2040  Temple (1/1) D:5 Zot: 403    Lair (1/5) D:9 Zot: 573
Ossuary (visited)
    Orc: D:9-12

Altars:
Ashenzari
Cheibriados
Dithmenos
Elyvilon
Fedhas
Gozag
Hepliaklqana
Kikubaaqudgha
Makhleb
Nemelex Xobeh
Okawaru
Qazlal
Ru
Sif Muna
Trog
Uskayaw
Wu Jian
Xom
Yredelemnul
Zin
The Shining One

Shops:
D:10 [


Innate Abilities, Weirdness & Mutations

You passively map the area around you.
You are easily found by Zot.
You glow in the dark.
You regain HP and MP as you explore.


Message History

The boulder beetle bites you!
You hit the manticore. You freeze the manticore.
The manticore is almost dead.
Okay, then.
Zin grants you divine stamina.
The boulder beetle leaps!
The manticore bites you! The manticore closely misses you.
The manticore claws you.
* * * LOW HITPOINT WARNING * * *
You hit the manticore. You freeze the manticore.
The manticore is almost dead.
The manticore bites you.
* * * LOW HITPOINT WARNING * * *
The manticore claws you but does no damage.
You block the manticore's attack.
The boulder beetle leaps!
You hit the manticore. You freeze the manticore.
You kill the manticore!
Throw: 4 darts (atropa)
Press: ? - help, Q - select action, (/) - cycle Shift-Dir - straight line, f - boulder beetle
Aim: a boulder beetle (90% to hit, chance to blind on hit: 3%)
You throw an atropa-tipped dart.
The atropa-tipped dart hits the boulder beetle.
The boulder beetle resists.
You hit the boulder beetle but do no damage.
The boulder beetle bites you but does no damage.
You hit the boulder beetle but do no damage.
You completely miss the boulder beetle. The boulder beetle bites you!
* * * LOW HITPOINT WARNING * * *
You hit the boulder beetle but do no damage.
You hit the boulder beetle but do no damage.
The boulder beetle bites you but does no damage.
You hit the boulder beetle but do no damage.
You block the boulder beetle's attack.
You hit the boulder beetle but do no damage.
Okay, then.
You hit the boulder beetle but do no damage.
You block the boulder beetle's attack.
You hit the boulder beetle but do no damage.
You hit the boulder beetle but do no damage.
The boulder beetle bites you!
You die...

* , ########### ## ##########
#.......... ,,'.#* .........#
#.......... ,#..## *.........#
#.......... *#.<## .........#
###..........
,*##..##........(###............
##..'.......B.#...#<.........
####.......@.'.###..........
*.........### #.......... **
.........# #..........
######+### ####.###### , #...###
###...# ######'## , #........ ,
,* ** * * #........


You could see a boulder beetle.

Vanquished Creatures
  A two-headed ogre (D:9)
  A manticore (D:10)
  A cyclops (D:9)
  2 trolls
  A vampire (D:9)
  A shadow (D:10)
  2 wyverns
  9 yaks (D:9)
  A steam dragon (D:7)
  4 water moccasins (D:7)
  2 black bears
  A sky beast (D:8)
  2 ice beasts
  6 wolves
  3 centaurs
  A phantom (D:5)
  2 elf zombies (Ossuary)
  A kobold brigand (D:8)
  4 bullfrogs
  2 scorpions (D:5)
  7 wights (D:8)
  3 killer bees (D:9)
  3 centaur zombies (Ossuary)
  4 howler monkeys
  A lava snake (D:7)
  4 hounds
  2 human zombies (Ossuary)
  9 orc priests
  2 sleepcaps
  4 iguanas
  10 orc wizards
  2 mummies (Ossuary)
  3 gnolls
  8 adders
  A white imp (D:6)
  An adder zombie (Ossuary)
  3 worms
  2 dart slugs (D:2)
  26 orcs
  4 bats
  11 endoplasms
  2 giant cockroaches
  9 goblins
  9 hobgoblins
  4 jackals (D:2)
  4 quokkas
  9 ball pythons
  4 frilled lizards
  11 hobgoblin zombies (Ossuary)
  A jackal zombie (Ossuary)
  12 kobolds
  11 kobold zombies (Ossuary)
  4 orc zombies (Ossuary)
  8 rats
  2 rat zombies (Ossuary)
247 creatures vanquished.

Notes
Turn   | Place    | Note
-------+----------+-------------------------------------------
     0 | D:1      | monsoonserge the Meteoran Fighter began the quest for the
                  | Orb.
     0 | D:1      | Reached XP level 1. HP: 19/19 MP: 2/2
    77 | D:1      | Reached XP level 2. HP: 26/26 MP: 3/3
   232 | D:1      | Reached XP level 3. HP: 29/31 MP: 4/4
   500 | D:2      | Identified the +5 short sword "Juppox Dil" {freeze, rElec
                  | rN+++ Str-5 Int+5}
   520 | D:2      | Reached XP level 4. HP: 39/39 MP: 5/5
  1005 | D:2      | Reached XP level 5. HP: 45/46 MP: 6/6
  1040 | D:3      | Reached skill level 1 in Short Blades
  1040 | D:3      | Noticed a black bear
  1050 | D:3      | Killed a black bear
  1051 | D:3      | Reached skill level 2 in Short Blades
  1051 | D:3      | Reached skill level 1 in Dodging
  1051 | D:3      | Reached skill level 5 in Shields
  1051 | D:3      | Reached XP level 6. HP: 37/52 MP: 7/7
  1079 | D:3      | Reached skill level 5 in Armour
  1133 | D:3      | Got Zubuvong's Directory of the Discontinuous Hornet
  1175 | D:3      | Reached XP level 7. HP: 59/59 MP: 8/8
  1329 | D:4      | Found a shadowy altar of Dithmenos.
  1345 | D:4      | Reached skill level 3 in Short Blades
  1379 | D:5      | Entered Level 5 of the Dungeon
  1511 | D:3      | Found a white marble altar of Elyvilon.
  1522 | D:3      | Became a worshipper of Elyvilon the Healer
  1653 | D:5      | Reached skill level 1 in Invocations
  1686 | D:5      | Reached XP level 8. HP: 67/67 MP: 8/10
  1724 | D:5      | Reached skill level 4 in Short Blades
  1899 | D:5      | Found a glowing golden altar of the Shining One.
  1924 | D:6      | Reached * piety under Elyvilon
  1962 | D:5      | Reached skill level 5 in Fighting
  1970 | D:5      | Reached skill level 5 in Short Blades
  2035 | D:5      | Found a staircase to the Ecumenical Temple.
  2045 | Temple   | Entered the Ecumenical Temple
  2213 | Temple   | Fell from the grace of Elyvilon
  2213 | Temple   | Became a worshipper of Ru the Awakened
  2336 | D:5      | Gained mutation: You passively map the area around you.
                  | [Meteoran growth]
  2336 | D:5      | Reached XP level 9. HP: 74/74 MP: 11/11
  2596 | D:7      | Reached skill level 6 in Short Blades
  2620 | D:7      | Found a sand-covered staircase.
  2687 | D:7      | Found a glowing silver altar of Zin.
  2688 | D:7      | Found an opulent altar of Gozag.
  2704 | D:7      | Fell from the grace of Ru
  2704 | D:7      | Became a worshipper of Zin the Law-Giver
  2704 | D:7      | Reached * piety under Zin
  2753 | D:7      | Reached skill level 7 in Short Blades
  2784 | Ossuary  | Entered an ossuary
  2859 | Ossuary  | Reached ** piety under Zin
  3165 | Ossuary  | Reached XP level 10. HP: 74/83 MP: 13/13
  3298 | D:7      | Reached skill level 8 in Short Blades
  3427 | D:9      | Found a staircase to the Lair.
  3432 | D:9      | Identified the +1 leather armour of Pociefas {rC+}
  3506 | D:8      | Reached *** piety under Zin
  3572 | D:8      | Found a hide-covered altar of Uskayaw.
  3649 | D:8      | Reached skill level 1 in Stealth
  3672 | D:9      | Found a snail-covered altar of Cheibriados.
  3797 | D:8      | Reached skill level 5 in Invocations
  3893 | D:10     | Entered Level 10 of the Dungeon
  4030 | D:9      | Reached skill level 9 in Short Blades
  4129 | D:9      | Found an ancient bone altar of Kikubaaqudgha.
  4304 | D:9      | Reached XP level 11. HP: 50/91 MP: 16/16
  4561 | D:9      | Found a bloodstained altar of Trog.
  4561 | D:9      | Noticed a cyclops
  4582 | D:9      | Killed a cyclops
  4594 | D:9      | Noticed a two-headed ogre
  4614 | D:9      | Killed a two-headed ogre
  4707 | Lair:1   | Entered Level 1 of the Lair of Beasts
  4724 | D:9      | Reached skill level 1 in Throwing
  4901 | D:10     | Noticed a manticore
  4910 | D:10     | Noticed a boulder beetle
  5110 | D:10     | Reached skill level 10 in Short Blades
  5349 | D:10     | Found Qeiff's Armour Boutique.
  5396 | D:10     | Killed a manticore
  5407 | D:10     | Slain by a boulder beetle

Illustrated notes

Levels and vault maps discovered:
D:1:      zelgadis_glass_arrival_large, layout_rooms, minmay_box_of_dots
D:2:      layout_loops_ring, minmay_increasing_density
D:3:      layout_basic, pf_just_have_faith
D:4:      layout_basic, grunt_dithmenos_smoke_and_mirrors, minivault_5,
          uniq_pikel
D:5:      layout_loops_ring, kennysheep_mini, minmay_temple_entry_wispy
D:6:      layout_cave_pods, serial_shops, nicolae_shop_gaudy_bauble,
          chequers_serial_rivers_micro_b, minmay_starry_boxes
D:7:      layout_rooms, grunt_temple_overflow_gold_and_silver, enter_ossuary_5,
          nicolae_lava_and_water
D:8:      layout_loops_ring, nicolae_uskayaw_dance_hall
D:9:      layout_long_grid, slow_altar_1, hangedman_feature_mirror
D:10:     layout_roguey, serial_shops, nicolae_shop_just_a_little_nook,
          grunt_ministairs_1, chequers_avenue, minivault_22, bh_walls_and_bars
D:11:     layout_cave_pods, ploomutoo_gammafunk_ghost_potion_laboratory,
          minmay_between
Temple:   bh_familiar_temple
Lair:1:   layout_regular_city, beast_lair_carwin_10, lemuel_fruit_fields,
          lemuel_fruit_tree

Skill      XL: |  1  2  3  4  5  6  7  8  9 10 11 |
---------------+----------------------------------+-----
Maces & Flails | 3 |  3.5
Armour         | 4 5 6 7 8 9 |  9.5
Shields        | 4 5 6 7 8 9 |  9.0
Short Blades   | 2 3 5 7 9 10 | 10.0
Dodging        | 1 |  1.3
Fighting       | 4 5 6 7 |  7.6
Invocations    | 1 2 3 6 8 |  8.1
Stealth        | 2 3 |  3.6
Throwing       | 1 |  1.3

Action                     |  1- 3 |  4- 6 |  7- 9 | 10-12 || total
---------------------------+-------+-------+-------+-------++-------
  Melee: Flail             |   103 |       |       |       ||   103
         Short sword       |     4 |   103 |   466 |   522 ||  1095
  Throw: Boomerang         |       |       |     1 |     3 ||     4
         Dart              |       |       |       |     2 ||     2
 Invoke: Recite            |       |       |     4 |     9 ||    13
         Vitalisation      |       |       |       |     1 ||     1
   Stab: Invisible         |       |       |       |     3 ||     3
 Armour: Scale mail        |    59 |       |       |       ||    59
         Plate armour      |       |    71 |   154 |   176 ||   401
  Dodge: Dodged            |    30 |     8 |    46 |    55 ||   139
  Block: Buckler           |    45 |    42 |   172 |   211 ||   470
         Reflection        |     1 |     1 |     5 |     6 ||    13
